AoeStats
← Kulishaak

Nomad

503219974Analyzed
1v1 RM · 1mo ago on Aug 30, 2026· 45m 57s· 2 players
Game mode
Random Map
Map size
126×126
Population
200
Speed
Normal
Resources
Standard
Victory
Conquest
Starting age
Dark Age
Ending age
Imperial Age
RankedLock teamsTeams togetherTeam positionsShared explorationLock speedFull tech treeHidden civsTurbo modeCheats
Victory
Defeat
🇦🇹 Portuguese · Austria
1162
+16
🇨🇿 Bohemians · Czechia
1160
-16
Kulishaak
4:11 Loom
14:16 Feudal Age
16:33 Double-Bit Axe
21:22 Castle Age
21:35 Horse Collar
21:27 Pikeman
22:37 Fletching
22:13 Crossbowman
23:55 Fervor
23:56 Squires
27:46 Sanctity
30:49 Treadmill Crane
32:39 Wheelbarrow
36:04 Bodkin Arrow
38:30 Fishing Lines
39:03 Medium Warships
39:35 Masonry
39:48 Ballistics
39:56 Bow Saw
43:36 Imperial Age
41:05 Elite Skirmisher
42:46 Hand Cart
42:17 Town Watch
43:42 Squires
43:43 Scale Mail Armor
43:44 Padded Archer Armor
43:55 Forging
45:04 Wagenburg Tactics
45:20 Conscription
45:28 Bracer
45:38 Halberdier
Edward Thatch
12:12 Feudal Age
20:13 Castle Age
21:34 Crossbowman
22:19 Fletching
23:40 Double-Bit Axe
28:08 Horse Collar
32:42 Thumb Ring
39:40 Imperial Age
40:00 Light Cavalry
40:51 Bloodlines
40:42 Husbandry
40:59 Forging
Connection lost

Rejoining the realm…

Still unreachable

The connection could not be restored.

Session expired

The server has moved on; the page needs a fresh start.